 Dungeon Crawl Stone Soup version 0.31.0-32-g396128a36d (webtiles) character file.

Game seed: 10213065020903917540

105 Fractals the Changeling (level 4, 0/55 HPs)
             Began as a Demigod Shapeshifter on Apr 19, 2024.
             Killed from afar by Ijyb (7 damage)
             ... with a puff of flame
             ... on level 2 of the Dungeon.
             The game lasted 00:02:59 (1522 turns).

Fractals the Changeling (Demigod Shapeshifter)      Turns: 1522, Time: 00:02:59

Health: 0/55       AC: 22    Str: 19    XL:     4   Next: 29%
Magic:  6/6        EV:  2    Int: 18    God:
Gold:   136        SH:  4    Dex: 13    Spells: 3/3 levels left

rFire   . .          .
                       - Unarmed
rCold   . . .        p - +0 buckler
rNeg    . . .        k - melded +0 chain mail
rPois   +            (helmet currently unavailable)
rElec   .            (cloak currently unavailable)
rCorr   .            (gloves currently unavailable)
SInv    .            (boots currently unavailable)
Will    .....        (no amulet)
Stlth   +            n - +6 ring of intelligence
HPRegen 0.29/turn    (no ring)
MPRegen 0.10/turn

%: no passive effects
@: tree-form
A: stationary, stasis, torment immunity, boosted hp, high MP 1, forlorn, divine
attributes
a: no special abilities


You were on level 2 of the Dungeon.
You were a tree.
You visited 1 branch of the dungeon, and saw 3 of its levels.

You collected 136 gold pieces.

Inventory:

Armour
 k - a +0 chain mail (melded)
 p - a +0 buckler (worn)
Jewellery
 n - a +6 ring of intelligence (left branch)
Talismans
 c - a beast talisman
 d - a flux talisman
Scrolls
 g - a scroll of teleportation {unknown}
 h - 4 scrolls of identify
 i - a scroll of vulnerability {unknown}
 j - a scroll of fear {unknown}
 l - a scroll of enchant armour {unknown}
 m - a scroll of torment {unknown}
Potions
 a - a potion of curing
 e - a potion of mutation {unknown}
 o - 3 potions of degeneration {unknown}


   Skills:
 + Level 2.5 Fighting
 + Level 2.4 Dodging
 - Level 3.0 Unarmed Combat
 + Level 3.4 Shapeshifting


You had 3 spell levels left.
You didn't know any spells.
Your spell library was empty.

Dungeon Overview and Level Annotations

Branches:
Dungeon (3/15)

Annotations:
D:2 Ijyb


Innate Abilities, Weirdness & Mutations

You are a tree.
Your roots penetrate the ground, keeping you stationary.
You cannot be teleported.
You are immune to unholy pain and torment.
Your maximum health is greatly increased.
Your equipment is partially melded.
You have an increased reservoir of magic. (+10% MP)
You shall have no god before yourself.
Your divine heritage dramatically boosts your attributes as you level up.


Message History

You hit Natasha.
Natasha is moderately wounded.
Natasha barely misses you.
You hit Natasha.
Natasha is heavily wounded.
Ijyb zaps a wand.
The puff of flame hits you. Natasha claws you but does no damage.
Unknown command.
You barely miss Natasha.
Natasha is heavily wounded.
Ijyb hits you with a +0 club.
* * * LOW HITPOINT WARNING * * *
Natasha extends her claws.
Natasha closely misses you.
Unknown command.
You hit Natasha.
Natasha is severely wounded.
Ijyb barely misses you. Natasha claws you but does no damage.
Ijyb hits you but does no damage.
You hit Natasha.
You kill Natasha!
You hear a faint echoing roar filled with hate and sorrow!
You have reached level 4!
Ijyb attacks as she pursues you! Ijyb hits you but does no damage.
You see here the felid corpse of Natasha.
Ijyb zaps a wand.
The puff of flame hits you!
* * * LOW HITPOINT WARNING * * *
Found 5 stones.
Found a stone staircase leading down.
There is a stone staircase leading up here.
The bat misses you. Ijyb hits you but does no damage.
You climb upwards.
There is a stone staircase leading down here.
Your transformation has ended.
You turn into a tree.
Your +0 chain mail melds into your body.
Your roots penetrate the ground.
Ijyb hits you but does no damage.
You hit Ijyb but do no damage. You closely miss Ijyb.
Ijyb zaps a wand.
The puff of flame hits you!
You die...

.###.###..###...####
...................#
..........###...##.#######
########### ##.###....)..#
#.# #######.# ## #.# #.# .#
########.# #.# .##
#........#########.# ..#
#.#####...♣g.......# ..#
#.# #.#######.#### ..#
#.#####.# #####.# #.#
#.##....#♣#...#.## #.#
#.#......#.......## ..#
#.................## #.#
##..#..........#.(..## #.#
##..##..........##....#
#.###.....................#


You could see Ijyb.

Vanquished Creatures
  Natasha (twice) (D:3)
  3 adders
  A dart slug (D:2)
  5 endoplasms
  2 giant cockroaches (D:2)
  2 goblins
  A hobgoblin (D:2)
  6 ball pythons
  2 bats
  2 frilled lizards
  3 kobolds (D:1)
  2 rats (D:1)
31 creatures vanquished.

Notes
Turn   | Place    | Note
-------+----------+-------------------------------------------
     0 | D:1      | Fractals the Demigod Shapeshifter began the quest for the
                  | Orb.
     0 | D:1      | Reached XP level 1. HP: 15/15 MP: 3/3
    52 | D:1      | Reached skill level 1 in Fighting
   310 | D:1      | Reached XP level 2. HP: 21/23 MP: 4/4
  1060 | D:2      | Reached XP level 3. HP: 29/29 MP: 5/5
  1453 | D:3      | Noticed Natasha
  1465 | D:3      | Killed Natasha
  1502 | D:3      | Noticed Natasha
  1503 | D:3      | Noticed Ijyb
  1512 | D:3      | Killed Natasha
  1513 | D:3      | Reached XP level 4. HP: 10/37 MP: 6/6
  1522 | D:2      | Killed from afar by Ijyb

Illustrated notes

Levels and vault maps discovered:
D:1:      lemuel_arrival_room, layout_loops_ring, minmay_statues_item,
          minmay_close_crescents
D:2:      layout_loops_ring, chequers_ecumenical_altar_island,
          minmay_misc_feat_nine_boxes, kennysheep_decorative_pillar,
          grunt_ministairs_1, nicolae_titane
D:3:      layout_loops_ring, ebering_ghost_sewer_f, due_unseen_surprise,
          uniq_ijyb, uniq_natasha

Skill      XL: |  1  2 |
---------------+-------+-----
Fighting       | 1 2 |  2.5
Unarmed Combat | 3 |  3.0
Shapeshifting  | 3 |  3.4
Dodging        | 2 |  2.4

Action                     |  1- 3 |  4- 6 || total
---------------------------+-------+-------++-------
  Melee: Unarmed           |    95 |     2 ||    97
         Punch             |     3 |       ||     3
    Use: Scroll            |     2 |       ||     2
         Potion            |       |     1 ||     1
 Armour: Animal skin       |    10 |       ||    10
         Chain mail        |    55 |     3 ||    58
         Skin              |       |     2 ||     2
  Dodge: Dodged            |    34 |     1 ||    35
  Block: Buckler           |     2 |       ||     2
